Map: King's Cove LE

Players

Mez - Winner!

  • Race: Terran Terran
  • League: Master
  • Spawn Location: 5:00

Reito

  • Race: Protoss Protoss
  • League: Master
  • Spawn Location: 11:00

VOD

Have the link to the VOD?

Description

Time

  • Played on: Aug. 16, 2019, 6:43 a.m.
  • Length: 12:56
Show
View Real Time Build Order
Export as new Build Order

Mez Terran - Winner!

Build Orders:  

Get SALT Encoding   

  12  0:00  SCV  
  13  0:13  SCV  
  14  0:18  Supply Depot  
  14  0:25  SCV  
  15  0:39  SCV  
  15  0:40  Barracks  
  16  0:52  SCV  
  17  1:04  SCV  
  18  1:11  Refinery  
  18  1:17  SCV  
  19  1:30  Orbital Command  
  19  1:31  Marine  
  20  1:40  Command Center  
  20  1:51  Bunker  
  20  1:55  Barracks Reactor  
  20  1:57  SCV  
  21  2:02  Supply Depot  
  21  2:09  SCV  
  22  2:23  SCV  
  23  2:34  Factory  
  23  2:35  Marine x2  
  25  2:38  SCV  
  26  2:49  Command Center  
  26  2:56  Orbital Command  
  26  3:00  SCV  
  26  3:03  Marine x2  
  29  3:09  Refinery  
  29  3:12  SCV  
  30  3:19  Widow Mine  
  32  3:22  Starport  
  32  3:26  Marine x2  
  34  3:28  SCV  
  34  3:33  SCV  
  36  3:46  Widow Mine, Marine x2  
  40  3:52  SCV  
  40  3:53  SCV  
  42  3:57  Refinery  
  42  4:00  Starport Tech Lab  
  42  4:05  Orbital Command  
  42  4:06  SCV x2  
  44  4:21  SCV x2  
  46  4:29  Raven  
  48  4:33  Factory Tech Lab  
  48  4:34  SCV x3  
  48  4:35  Barracks  
  48  4:36  Barracks  
  51  4:43  Marine x2  
  53  4:46  SCV  
  53  4:47  SCV x2  
  56  4:52  Refinery  
  56  4:54  Siege Tank, Orbital Command  
  56  4:58  SCV  
  56  4:59  SCV  
  61  5:01  Supply Depot  
  61  5:23  Marine x2  
  61  5:25  Starport Reactor  
  63  5:29  SCV x3  
  63  5:33  Factory Reactor  
  66  5:35  Stimpack  
  66  5:36  Supply Depot  
  66  5:37  Combat Shield, Marauder  
  66  5:38  Barracks  
  66  5:39  Barracks  
  66  5:41  SCV  
  69  5:47  SCV x2, Marauder  
  73  5:51  Supply Depot  
  73  5:53  SCV  
  74  5:58  Marine x2, Marauder  
  78  6:04  SCV x2  
  78  6:08  Marine  
  81  6:12  SCV  
  81  6:15  Marine, Supply Depot  
  81  6:16  SCV x2, Supply Depot x2  
  85  6:21  Refinery, Medivac x2  
  85  6:24  SCV, Marine, Marauder  
  93  6:27  Barracks Tech Lab  
  93  6:29  Barracks Reactor  
  93  6:37  SCV x3  
  96  6:42  Supply Depot  
  96  6:43  Supply Depot x2  
  102  6:47  Marauder x3  
  102  6:56  Marine x2  
  102  6:57  Medivac  
  106  7:01  SCV x2  
  106  7:02  SCV  
  106  7:06  Supply Depot  
  113  7:08  Marauder x2  
  113  7:11  Medivac  
  115  7:20  SCV x2, Supply Depot  
  117  7:25  Engineering Bay  
  117  7:26  Engineering Bay  
  117  7:27  Marine x3, Marauder  
  117  7:28  Marine  
  117  7:29  Marine  
  126  7:30  Marauder  
  115  7:44  Concussive Shells, Marine  
  115  7:45  Marine  
  115  7:47  Marauder  
  115  7:48  Marauder  
  115  7:51  Marauder  
  113  7:59  Marine x2  
  113  8:02  Terran Infantry Armor Level 1, Marine, Terran Infantry Weapons Level 1  
  113  8:03  Medivac x2  
  120  8:09  Marauder  
  120  8:10  Marauder  
  120  8:12  Marauder  
  126  8:13  SCV x3  
  126  8:15  Command Center  
  126  8:17  Liberator x2  
  129  8:22  Ghost Academy  
  129  8:24  Refinery  
  129  8:25  Widow Mine, SCV  
  129  8:26  Widow Mine  
  134  8:27  Marine x4  
  144  8:43  SCV x3, Armory  
  147  8:49  Widow Mine x2  
  147  8:52  Ghost x2  
  147  8:54  Marine x2  
  157  9:17  Starport  
  157  9:19  Starport  
  157  9:26  Viking x2, Marine x2  
  157  9:27  Supply Depot x3  
  157  9:29  Supply Depot  
  153  9:49  Marine x4, Marauder x3  
  159  9:56  Viking x2  
  163  10:03  Planetary Fortress  
  163  10:06  Marine  
  164  10:09  Missile Turret  
  164  10:12  Missile Turret  
  164  10:13  Marauder x3  
  170  10:14  Viking  
  170  10:15  Starport Reactor  
  172  10:22  Missile Turret  
  172  10:25  Barracks x2  
  172  10:26  Marine x3  
  172  10:28  Hellion, Barracks  
  177  10:29  SCV x3  
  180  10:39  Missile Turret, Marine x2, Marauder x2  
  180  10:40  Missile Turret  
  180  10:41  SCV  
  187  10:46  Missile Turret  
  187  10:48  Missile Turret  
  187  10:49  Viking  
  189  10:58  Viking x2  
  189  10:59  Viking  
  189  11:01  Viking  
  197  11:19  Sensor Tower  
  197  11:26  Viking  
  199  11:44  Refinery  
  199  11:45  Refinery  
  199  11:47  Barracks Tech Lab  
  199  11:48  Barracks Tech Lab x2  
  199  11:50  Starport Tech Lab  
  199  11:52  Command Center x2  
  196  11:55  Fusion Core  
  159  12:21  Ghost x3, Marine x2, Marauder x2  
  159  12:22  Marine x3  
Show
View Real Time Build Order
Export as new Build Order

Reito Protoss 

Build Orders: 1 Gate Expand, Blink Stalkers 

Get SALT Encoding   

  12  0:01  Probe  
  13  0:13  Probe  
  14  0:18  Pylon  
  14  0:25  Probe  
  15  0:38  Probe  
  15  0:39  Gateway  
  16  0:44  Assimilator  
  16  0:50  Probe  
  17  1:00  Probe  
  18  1:08  Probe  
  18  1:16  Probe  
  21  1:33  Nexus  
  20  1:40  Cybernetics Core  
  20  1:43  Probe  
  21  1:50  Assimilator  
  21  1:56  Probe  
  22  2:01  Pylon  
  22  2:05  Probe  
  23  2:11  Adept  
  23  2:17  Warp Gate  
  23  2:18  Probe  
  26  2:32  Twilight Council  
  26  2:34  Probe  
  27  2:43  Probe  
  27  2:46  Probe  
  27  2:51  Probe  
  29  2:53  Stalker  
  32  3:00  Blink  
  32  3:02  Gateway  
  33  3:10  Probe  
  33  3:11  Probe  
  34  3:21  Probe  
  34  3:23  Stalker, Probe  
  38  3:35  Probe x2, Pylon  
  40  3:47  Probe x2  
  42  3:53  Sentry  
  42  3:55  Pylon  
  44  3:59  Probe x2, Gateway  
  46  4:11  Probe x2  
  46  4:14  Gateway  
  46  4:15  Stalker  
  50  4:23  Probe  
  51  4:24  Pylon  
  51  4:31  Stalker  
  51  4:32  Probe  
  54  4:38  Nexus  
  54  4:47  Robotics Facility  
  54  4:55  Charge  
  54  5:00  Stalker x2  
  54  5:01  Stalker  
  54  5:02  Probe x2  
  62  5:12  Pylon  
  62  5:14  Probe x2  
  64  5:26  Probe  
  64  5:28  Probe  
  66  5:31  Observer  
  66  5:33  Stalker x4  
  74  5:39  Probe  
  76  5:49  Forge  
  76  5:52  Pylon  
  76  5:53  Forge  
  76  5:56  Observer  
  77  6:01  Assimilator  
  77  6:02  Probe  
  77  6:03  Assimilator  
  77  6:04  Zealot x4  
  77  6:05  Probe  
  77  6:06  Probe  
  77  6:10  Probe  
  77  6:11  Protoss Ground Weapons Level 1  
  88  6:17  Probe  
  90  6:19  Protoss Ground Armor Level 1  
  90  6:35  Zealot x4  
  90  6:39  Pylon  
  98  6:41  Probe  
  98  6:42  Probe, Pylon x2  
  100  6:48  Assimilator  
  100  6:49  Probe  
  100  6:50  Assimilator  
  100  6:54  Probe  
  101  6:57  Probe  
  101  6:59  Zealot x2  
  101  7:00  Zealot x2  
  101  7:01  Probe  
  111  7:08  Gateway  
  111  7:12  Photon Cannon  
  111  7:13  Pylon  
  111  7:20  Robotics Bay  
  111  7:22  Templar Archives, Robotics Facility  
  107  7:43  Zealot  
  107  7:44  Zealot x3  
  107  7:50  Extended Thermal Lance  
  93  8:03  Gateway  
  93  8:04  Gateway  
  92  8:06  Gateway  
  92  8:07  Zealot x3, Protoss Ground Weapons Level 2  
  92  8:08  Zealot x2  
  92  8:09  Colossus x2  
  92  8:11  Observer  
  106  8:14  Protoss Ground Armor Level 2  
  106  8:23  Probe x3  
  115  8:38  Photon Cannon  
  115  8:42  Psionic Storm  
  115  8:47  High Templar x2  
  120  8:48  Probe x2  
  120  8:51  Archon  
  121  9:00  Zealot x4  
  129  9:04  Pylon  
  129  9:13  Pylon  
  129  9:16  Stalker  
  131  9:19  Stalker, Colossus  
  131  9:22  Colossus  
  139  9:26  Stalker  
  143  9:52  Nexus  
  143  9:56  High Templar x3  
  149  10:10  Pylon  
  149  10:13  Pylon  
  149  10:14  Pylon  
  149  10:16  Pylon  
  149  10:17  Pylon x2  
  149  10:23  Dark Shrine  
  149  10:26  Colossus  
  155  10:29  Observer  
  155  10:30  Photon Cannon  
  155  10:34  Photon Cannon  
  156  10:39  Zealot x4  
  164  10:54  High Templar x2  
  168  10:58  Pylon  
  168  10:59  Zealot, Warp Prism  
  172  11:05  Probe  
  173  11:14  Assimilator  
  173  11:18  Assimilator  
  173  11:21  Pylon  
  173  11:23  Photon Cannon  
  173  11:25  Photon Cannon  
  173  11:27  Zealot x3  
  179  11:34  Zealot x2  
  178  11:45  Stalker x3  
  184  11:53  Zealot x2  
  97  12:24  Zealot x3  
  103  12:33  Probe x3  
  104  12:37  High Templar x2  
  106  12:44  Archon  
Tags
 
Add a new tag
Caveats
  • Supply blocks, unpowered buildings, or Contaminate may cause inaccurate times.
  • Supply counts are checked every 10 seconds.